 Dungeon Crawl Stone Soup version 0.18-a0-844-g9229740 (webtiles) character file.

1118 M4edhros the Covert (level 8, 0/48 HPs)
             Began as an Octopode Artificer on Dec 18, 2015.
             Shot with an arrow by a centaur (11 damage)
             ... on level 5 of the Dungeon.
             The game lasted 00:10:32 (6042 turns).

M4edhros the Covert (Octopode Artificer)            Turns: 6042, Time: 00:10:32

Health: 0/48       AC:  1    Str: 10    XL:     8   Next: 34%
Magic:  11/11      EV: 14    Int: 16    God:
Gold:   407        SH:  0    Dex: 13    Spells: 0 memorised, 7 levels left

rFire  . . .     SeeInvis .     j - +0 hunting sling
rCold  . . .     Gourm    .     (no shield)
rNeg   + . .     Faith    .     (helmet restricted)
rPois  .         Spirit   .     (no amulet)
rElec  .         Dismiss  .     A - ring of positive energy
rCorr  .         Reflect  .     g - ring of sustain attributes
SustAt +         Harm     .     (no ring)
MR     .....                    (no ring)
Stlth  +++++.....               (no ring)
                                (no ring)
                                (no ring)
                                (no ring)

@: not resistant to hostile enchantments, quite stealthy
A: almost no armour, amphibious, 8 rings, constrict 8, camouflage 1, gelatinous
body 1
a: no special abilities


You were on level 5 of the Dungeon.
You were not hungry.

You visited 1 branch of the dungeon, and saw 6 of its levels.
You also visited: Ossuary.

You collected 407 gold pieces.

Inventory:

Hand Weapons
 a - a +0 short sword
 j - a +0 hunting sling (weapon)
Missiles
 k - 10 stones (quivered)
Jewellery
 g - a ring of sustain attributes (right tentacle)
 A - a ring of positive energy (left tentacle)
Wands
 b - a wand of flame (0)
 c - a wand of enslavement (0)
 d - a wand of random effects (0)
 h - a wand of frost (5)
Scrolls
 i - a scroll of enchant armour
 l - a scroll of magic mapping {unknown}
 p - a scroll of remove curse
 y - 3 scrolls of recharging
Potions
 e - a potion of curing
 r - a potion of mutation {unknown}
 t - a potion of heal wounds
 u - a potion of agility {unknown}
 v - 2 potions of resistance {unknown}
 w - a potion of magic {unknown}
 x - 5 potions of lignification {unknown}
 z - a potion of berserk rage {unknown}
Books
 m - a book of Fire

   Spells                             Type                      Level
   a - Ignite Poison                  Fire/Transmutation/Poison    3
   b - Fireball                       Conjuration/Fire             5
   c - Bolt of Fire                   Conjuration/Fire             6
   d - Delayed Fireball               Conjuration/Fire             7
   e - Ring of Flames                 Charms/Fire                  7
Comestibles
 f - 3 bread rations
 n - a slice of pizza
 o - 3 fruits
 B - a meat ration


   Skills:
 - Level 1.0 Fighting
 - Level 1.0 Short Blades
 * Level 5.1 Slings
 + Level 4.6 Dodging
 * Level 8.1 Stealth
 + Level 5.2 Evocations


You had 7 spell levels left.
You didn't know any spells.

Dungeon Overview and Level Annotations

Branches:
Dungeon (6/15)
 Temple: D:4-7

Altars:
Makhleb

Shops:
D:4 %


Innate Abilities, Weirdness & Mutations

You cannot wear most types of armour.
You are amphibious.
You can wear up to eight rings at the same time.
You can use your tentacles to constrict eight enemies at once.
Your skin changes colour to match your surroundings (Stealth).
Your rubbery body absorbs attacks (AC +1).


Message History

Press: ? - help, Shift-Dir - straight line, f - orc warrior
Aim: an orc warrior, wielding a morningstar and wearing a chain mail (chance to defeat MR: 57%)
The orc warrior is charmed.
This wand has 0 charges left.
What do you say? t - Shout!
Orders for allies: a - Attack new target. p - Attack previous target. r - Retreat! s - Stop attacking. w - Wait here. f - Follow me.
Anything else - Stay silent.
Wait here!
A centaur comes into view.
You feel a bit more experienced.
The centaur shouts!
The centaur wields a shortbow.
The centaur shoots an arrow.
The arrow hits you!
* * * LOW HITPOINT WARNING * * *
You see here an arrow.
The centaur shoots an arrow.
The arrow barely misses you.
You see here an arrow.
The centaur shoots an arrow.
The arrow hits you!
You die...

......
#.........## ..
#....
##c...#####.#
..####...###....##
#.
#.......##..##.#
## #.......(..##.#
# #........###.# #
#........###.# #
#...(#.......# ...
#...@..#####..
.... #.....## #..
###o .........#
... .#####..## #.
.... ..... #...#
#.⌠.#


You could see a centaur.

Vanquished Creatures
  2 ogres (D:4)
  3 orc wizards (D:4)
  A crimson imp (D:6)
  3 orc priests
  2 iguanas
  A centaur skeleton (D:6)
  5 hounds
  5 worker ants
  A hound zombie (D:6)
  8 mummies (Ossuary)
  4 adders
  3 gnolls (D:4)
  A giant gecko (D:4)
  7 orcs
  A bat (D:2)
  3 goblins
  A hobgoblin (D:2)
  13 jackals
  4 giant cockroaches (D:4)
  A giant newt (D:4)
  A gnoll zombie (Ossuary)
  A kobold (D:3)
  A kobold zombie (Ossuary)
  6 orc zombies (Ossuary)
  A quokka (D:3)
  4 rats
83 creatures vanquished.

Vanquished Creatures (collateral kills)
  An orc wizard (D:4)
  An orc priest (D:4)
  A worker ant (D:4)
  An adder skeleton (D:5)
  4 orcs (D:4)
  A kobold (D:1)
  A rat (D:1)
10 creatures vanquished.

Vanquished Creatures (others)
  An ogre (D:4)
  A scorpion (D:4)
  Natasha (D:4)
  2 gnolls (D:4)
  A jackal (D:1)
6 creatures vanquished.

Grand Total: 99 creatures vanquished

Notes
Turn   | Place    | Note
--------------------------------------------------------------
     0 | D:1      | M4edhros the Octopode Artificer began the quest for the Orb.
     0 | D:1      | Reached XP level 1. HP: 13/13 MP: 3/3
   363 | D:1      | Reached XP level 2. HP: 6/18 MP: 4/4
   897 | D:2      | Found a burning altar of Makhleb.
   907 | D:2      | Reached skill level 1 in Slings
   907 | D:2      | Reached XP level 3. HP: 14/23 MP: 5/5
  1271 | D:3      | Reached XP level 4. HP: 14/28 MP: 6/6
  1603 | D:4      | Reached skill level 4 in Stealth
  1849 | D:4      | Noticed an ogre
  1857 | D:4      | Killed an ogre
  1857 | D:4      | Reached XP level 5. HP: 24/33 MP: 6/8
  1888 | D:5      | Entered Level 5 of the Dungeon
  1907 | D:5      | Reached skill level 5 in Stealth
  1955 | D:5      | Reached XP level 6. HP: 14/38 MP: 9/9
  2239 | D:5      | Found a sand-covered staircase.
  2257 | Ossuary  | Entered an ossuary
  2959 | D:4      | Reached XP level 7. HP: 30/43 MP: 10/10
  3117 | D:4      | Reached skill level 6 in Stealth
  3836 | D:4      | HP: 2/43 [poisoned by a scorpion]
  3844 | D:4      | HP: 1/43 [poisoned by a scorpion]
  4202 | D:4      | Found Qeym Daro's Food Shoppe.
  4310 | D:4      | Reached skill level 7 in Stealth
  4405 | D:4      | Noticed Natasha
  4535 | D:4      | Your ally died
  5063 | D:4      | Reached XP level 8. HP: 48/48 MP: 11/11
  5492 | D:6      | Reached skill level 5 in Evocations
  5747 | D:6      | Reached skill level 5 in Slings
  5792 | D:6      | Reached skill level 8 in Stealth
  6042 | D:5      | Shot with an arrow by a centaur

Vault maps used:
D:1:      lightli_arrival_windingriver, fountainhead
D:2:      makhleb_heckhound_becter, glass_columns_a, grunt_ministairs_6,
          roderic_serpentine_path
D:3:      first_bread, amethyst_killhole
D:4:      serial_shops, shop_statue, cheibrodos_gnoll_hut, uniq_natasha
D:5:      minmay_temple_entry_junction, enter_ossuary_5, kennysheep_crisscross,
          guppyfry_early_orc_mine
D:6:      gup_sewer_entry_pipe
Ossuary:  ossuary_tomb_3

Action                   |  1- 3 |  4- 6 |  7- 9 || total
-------------------------+-------+-------+-------++-------
Melee: Short sword       |    32 |       |       ||    32
       Hunting sling     |     6 |    19 |    42 ||    67
 Fire: Hunting sling     |    31 |   148 |   199 ||   378
Evoke: Wand              |     2 |     9 |    34 ||    45
  Use: Scroll            |       |       |     8 ||     8
       Potion            |       |       |     7 ||     7
 Stab: Sleeping          |     3 |       |       ||     3
  Eat: Chunk             |       |     4 |     7 ||    11
       Bread ration      |       |     1 |       ||     1
